 Dungeon Crawl Stone Soup version 0.29-a0-474-gdfe5cd140f (webtiles) character file.

Game seed: 9323040909947863080

189 lunkers the Grave Robber (level 5, -5/35 HPs)
             Began as a Demonspawn Necromancer on May 23, 2022.
             Slain by an orc warrior
             ... wielding a +0 war axe
              (15 damage)
             ... on level 4 of the Dungeon.
             The game lasted 00:06:34 (3523 turns).

lunkers the Grave Robber (Demonspawn Necromancer)   Turns: 3523, Time: 00:06:35

Health: -5/35      AC:  2    Str:  9    XL:     5   Next: 40%
Magic:  6/10       EV: 27    Int: 20    God:
Gold:   218        SH:  0    Dex: 16    Spells: 2/10 levels left

rFire   . . .      SeeInvis .   g - +5 whip "Maemn" {venom, Dex+3}
rCold   . . .      Faith    .   (no shield)
rNeg    . . .      Spirit   .   a - +0 robe
rPois   .          Reflect  .   (no helmet)
rElec   .          Harm     .   (no cloak)
rCorr   +          Rampage  .   (gloves unavailable)
Will    .....                   (no boots)
Stlth   ++........              c - amulet "Otraepp" {Acrobat Int+2}
HPRegen 0.11/turn               i - ring of resist corrosion
MPRegen 0.12/turn               (no ring)

@: acrobatic
A: claws 3
a: no special abilities


You were on level 4 of the Dungeon.
You visited 1 branch of the dungeon, and saw 4 of its levels.

You collected 218 gold pieces.

Inventory:

Hand Weapons
 g - the +5 whip "Maemn" (weapon) {venom, Dex+3}
   (You found it on level 2 of the Dungeon)

   It poisons the flesh of those it strikes.
   Dex:       It affects your dexterity (+3).
Armour
 a - a +0 robe (worn)
 k - a +0 ring mail of willpower
Jewellery
 c - the amulet "Otraepp" (around neck) {Acrobat Int+2}
   (You found it on level 3 of the Dungeon)

   [amulet of the acrobat]

   It increases your evasion while moving and waiting.
   Int:       It affects your intelligence (+2).
 i - a ring of resist corrosion (left claw)
Scrolls
 d - a scroll of poison {unknown}
 e - a scroll of acquirement {unknown}
 f - a scroll of enchant armour {unknown}
 j - a scroll of brand weapon {unknown}
 o - a scroll of teleportation {unknown}
 r - a scroll of vulnerability {unknown}
 s - a scroll of enchant weapon {unknown}
 t - a scroll of fog {unknown}
 w - a scroll of fear {unknown}
 x - a scroll of torment {unknown}
Potions
 b - a potion of magic
 h - a potion of might
 l - a potion of flight
 m - a potion of attraction {unknown}
 n - a potion of resistance {unknown}
 p - a potion of heal wounds {unknown}
 q - a potion of mutation {unknown}
 u - a potion of haste {unknown}
 v - a potion of ambrosia {unknown}


   Skills:
 - Level 1.8 Dodging
 - Level 1.8 Stealth
 + Level 3.3 Spellcasting
 * Level 6.5 Necromancy


You had 2 spell levels left.
You knew the following spells:

 Your Spells              Type           Power      Damage    Failure   Level
a - Necrotize             Necr           100%       1d9       1%          1
b - Vampiric Draining     Necr           29%        2d8       2%          3
c - Animate Dead          Necr           29%        N/A       10%         4

Your spell library contained the following spells:

 Spells                   Type           Power      Damage    Failure   Level
 Sandblast                Erth           6%         2d5       14%         1
 Passwall                 Tmut/Erth      2%         N/A       21%         2
 Agony                    Necr           29%        N/A       26%         5
 Stone Arrow              Conj/Erth      6%         3d7       38%         3


Dungeon Overview and Level Annotations

Branches:
Dungeon (4/15)
 Temple: D:4-7

Altars:
Okawaru

Shops:
D:3 =


Innate Abilities, Weirdness & Mutations

You have claws for hands.


Message History

You closely miss the hound. The hound barely misses you.
You hit the hound.
The hound is poisoned.
The hound is lightly wounded.
The hound bites you but does no damage. The hound bites you.
Your adder skeleton bites the ball python.
Something hits your adder skeleton.
You barely miss the hound.
The hound is moderately wounded.
The hound misses you.
Your adder skeleton bites the ball python.
The ball python dies!
Something hits your adder skeleton. The hound barely misses you.
You barely miss the hound.
The hound is moderately wounded.
Your adder skeleton bites the orc warrior but does no damage.
The hound closely misses you. Something hits your adder skeleton.
Your adder skeleton bites the orc warrior but does no damage.
You miss the hound.
The hound is moderately wounded.
Your adder skeleton crumbles into dust!
The hound misses you. The hound completely misses you.
You closely miss the hound.
The hound is moderately wounded.
The hound bites you. The hound closely misses you.
You barely miss the hound.
The hound is heavily wounded.
The hound closely misses you.
You hit the hound.
The hound looks as sick as possible!
The hound is severely wounded.
The hound bites you. The hound misses you.
You hit the hound.
You kill the hound!
You aren't carrying any items that you can evoke.
Unknown command.
The orc warrior attacks as you move away!
The orc warrior hits you with a +0 war axe!
* * * LOW HITPOINT WARNING * * *
The orc warrior attacks as you move away!
The orc warrior hits you with a +0 war axe!
You die...

###<.##...##.<# ##
#####....#### #
###...# # #..## #..#
#..# #.## ##### #.#
##...# #@# #....#
#o# #....# ##o#
#....# ###.o##
#....# ###...o.##
#....####...###..###
#....##...###
###..## #####
##.....####
##Z.###....##
##...###
##..#......#


You could see an orc warrior, an orc wizard and 2 orcs.

Vanquished Creatures
  A hound (D:4)
  An orc wizard (D:3)
  6 adders
  A dart slug (D:3)
  6 orcs
  4 ball pythons
  3 endoplasms
  2 giant cockroaches (D:2)
  3 goblins
  8 hobgoblins
  12 jackals
  A quokka (D:1)
  6 bats
  4 frilled lizards
  5 kobolds
  4 rats
67 creatures vanquished.

Vanquished Creatures (collateral kills)
  2 ball pythons
  An endoplasm (D:3)
  A giant cockroach (D:2)
4 creatures vanquished.

Grand Total: 71 creatures vanquished

Notes
Turn   | Place    | Note
-------+----------+-------------------------------------------
     0 | D:1      | lunkers the Demonspawn Necromancer began the quest for the
                  | Orb.
     0 | D:1      | Reached XP level 1. HP: 13/13 MP: 3/3
   278 | D:1      | Gained mutation: You have sharp fingernails. [demonic
                  | ancestry]
   278 | D:1      | Reached XP level 2. HP: 19/19 MP: 0/5
   715 | D:1      | Reached skill level 5 in Necromancy
  1029 | D:2      | Reached XP level 3. HP: 16/24 MP: 1/6
  1756 | D:2      | Learned a level 3 spell: Vampiric Draining
  1777 | D:2      | Identified the +5 whip "Maemn" {venom, Dex+3}
  2053 | D:3      | Found a faded altar of an unknown god.
  2231 | D:3      | Gained mutation: You have very sharp fingernails. [demonic
                  | ancestry]
  2231 | D:3      | Reached XP level 4. HP: 30/30 MP: 4/8
  2668 | D:3      | Found an iron altar of Okawaru.
  2812 | D:3      | Reached skill level 6 in Necromancy
  2869 | D:3      | Found Bedirchoa's Jewellery Boutique.
  3193 | D:3      | Identified the amulet "Otraepp" {Acrobat Int+2}
  3209 | D:3      | Learned a level 4 spell: Animate Dead
  3246 | D:4      | Gained mutation: You have claws for hands. [demonic
                  | ancestry]
  3246 | D:4      | Reached XP level 5. HP: 35/35 MP: 7/9
  3497 | D:4      | Noticed an orc warrior
  3523 | D:4      | Slain by an orc warrior

Illustrated notes

Levels and vault maps discovered:
D:1:      minmay_arrival_five_plusses, layout_loops_ring
D:2:      layout_basic, serial_forest, infiniplex_forest_lined_2,
          infiniplex_forest_clump_C, infiniplex_forest_end_3,
          infiniplex_forest_end_1, infiniplex_forest_lined_3,
          infiniplex_forest_clump_double, minmay_small_reverse_x
D:3:      layout_basic, okawaru_metal_pillars_1_2, serial_shops, shop,
          nicolae_ecumenical_pavilion
D:4:      layout_cave_pods, chequers_decorated_corner, grunt_ministairs_6,
          minmay_puff

Skill      XL: |  1  2  3  4 |
---------------+-------------+-----
Necromancy     | 5 6 |  6.5
Spellcasting   | 3 |  3.3
Dodging        | |  1.8
Stealth        | |  1.8

Action                   |  1- 3 |  4- 6 || total
-------------------------+-------+-------++-------
Melee: Unarmed           |    27 |       ||    27
       Whip              |       |    25 ||    25
 Cast: Necrotize         |    71 |    39 ||   110
       Vampiric Draining |       |     1 ||     1
  Use: Scroll            |     2 |     2 ||     4
       Potion            |       |     1 ||     1
Armor: Robe              |     4 |     6 ||    10
Dodge: Dodged            |    23 |    27 ||    50

Table legend: (Time is in decaauts)
 A = Elapsed time spent in this place.
 B = Non-inter-level travel time spent in this place.
 C = Inter-level travel time spent in this place.
 D = Time resting spent in this place.
 E = Time spent auto-exploring this place.
 F = Levels seen in this place.
 G = Mean time per level.
                   A        B        C        D        E       F      G
               +--------+--------+--------+--------+--------+-----+--------+
         Total |   3523 |   3394 |    129 |     32 |   2936 |   4 |  880.8 |
       Dungeon |   3523 |   3394 |    129 |     32 |   2936 |   4 |  880.8 |
               +--------+--------+--------+--------+--------+-----+--------+

Top non-repeatable levels by time:
     D:3: 1190 daAuts
     D:2: 1047 daAuts
     D:1: 1004 daAuts
     D:4: 281 daAuts
